 Dungeon Crawl Stone Soup version 0.23.2-1-ga50397a6bc (webtiles) character file.

Game seed: 13682676628435885197

22 Banto the Magician (level 2, 0/24 HPs)
             Began as a Demigod Wanderer on Apr 17, 2019.
             Slain by a kobold
             ... wielding a +0 short sword
              (5 damage)
             ... on level 2 of the Dungeon.
             The game lasted 00:00:45 (687 turns).

Banto the Magician (Demigod Wanderer)                Turns: 687, Time: 00:00:46

Health: 0/24       AC:  2    Str: 15    XL:     2   Next: 51%
Magic:  8/8        EV: 11    Int: 16    God:
Gold:   40         SH:  0    Dex: 15    Spells: 6/7 levels left

rFire    . . .     SeeInvis .   h - +1 hand axe (elec)
rCold    . . .     Gourm    .   (no shield)
rNeg     . . .     Faith    .   e - +0 robe
rPois    .         Spirit   .   (no helmet)
rElec    .         Reflect  .   (no cloak)
rCorr    .         Harm     .   (no gloves)
MR       .....                  (no boots)
Stlth    +.........             (no amulet)
HPRegen  0.08/turn              (no ring)
MPRegen  0.11/turn              (no ring)

@: lethally poisoned (0 -> -18)
A: high mp 1
a: no special abilities


You were on level 2 of the Dungeon.
You were not hungry.

You visited 1 branch of the dungeon, and saw 2 of its levels.

You collected 40 gold pieces.

Inventory:

Hand Weapons
 a - a +0 shortbow
 h - a +1 hand axe of electrocution (weapon)
Missiles
 b - 45 stones (quivered)
 c - 27 arrows
Armour
 e - a +0 robe (worn)
Scrolls
 j - a scroll of identify {unknown}
Potions
 d - a potion of curing
 g - a potion of haste {unknown}
 i - a potion of ambrosia {unknown}
Comestibles
 f - a ration


   Skills:
 + Level 1.9 Fighting
 + Level 1.3 Bows
 + Level 2.0 Throwing
 + Level 0.3 Dodging
 + Level 3.1 Spellcasting
   Level 1.7 Transmutations


You had 6 spell levels left.
You knew the following spells:

 Your Spells              Type           Power        Failure   Level  Hunger
a - Sandblast             Erth           #.....       19%         1    #......

Your spell library contained the following spells:

 Spells                   Type           Power        Failure   Level  Hunger
 Passwall                 Tmut/Erth      #.......     21%         2    ##.....
 Stone Arrow              Conj/Erth      #.....       50%         3    ###....
 Petrify                  Tmut/Erth      #.......     78%         4    #####..
 Lee's Rapid Deconstruct  Erth           #.........   99%         5    ######.


Dungeon Overview and Level Annotations

Branches:
Dungeon (2/15)


Innate Abilities, Weirdness & Mutations

You have an increased reservoir of magic. (+10% MP)


Message History

You hit the adder.
The adder is moderately wounded.
You hit the kobold but do no damage.
You feel sick. The adder bites you.
You are lethally poisoned!
The adder poisons you! The kobold closely misses you.
The kobold barely misses you. The adder bites you.
You are more poisoned.
The adder poisons you!
You are too injured to fight recklessly!
You are too injured to fight recklessly!
You barely miss the adder.
The adder is moderately wounded.
You hit the kobold but do no damage.
* * * LOW HITPOINT WARNING * * *
You feel sick. The adder bites you.
* * * LOW HITPOINT WARNING * * *
You are more poisoned.
The adder poisons you! The adder barely misses you.
The kobold hits you with a +0 short sword.
You die...

.#.# ..> # #.. ###
#.#.g#####.#
#.#.#.)#...#.#####
g....#.#.#....<#
#.SS.#.#.#####
#.#.##K@...#.#####
..........†......#
#.%..........###.#
.............#
##.####...##.# ..
#.#.##.# .
#.#.##.# #...##.#
##..##.#


You could see 2 adders, 2 goblins and a kobold.

Vanquished Creatures
  2 bats (D:1)
  A giant cockroach (D:1)
  A goblin (D:1)
  3 hobgoblins (D:1)
  3 jackals (D:1)
  3 frilled lizards (D:1)
  5 kobolds
18 creatures vanquished.

Notes
Turn   | Place    | Note
-------+----------+-------------------------------------------
     0 | D:1      | Banto the Demigod Wanderer began the quest for the Orb.
     0 | D:1      | Banto set off with the following items: a +0 shortbow, 30
                  | arrows, a potion of curing, a +0 robe, a ration; and the
                  | following spell memorised: Sandblast; and the following
                  | spells available to memorise: Passwall, Stone Arrow,
                  | Petrify, Lee's Rapid Deconstruction
     0 | D:1      | Reached XP level 1. HP: 17/17 MP: 6/6
    70 | D:1      | Reached skill level 3 in Spellcasting
   102 | D:1      | Reached XP level 2. HP: 23/24 MP: 8/8
   687 | D:2      | Slain by a kobold

Skill      XL: |  1 |
---------------+----+-----
Throwing       | 2 |  2.0
Spellcasting   | 3 |  3.1
Fighting       | |  1.9
Bows           | |  1.3
Dodging        | |  0.3
Transmutations | |  1.7

Action                   || total
-------------------------++-------
Melee: Hand axe          ||    24
 Fire: Shortbow          ||    24
Armor: Robe              ||     4
Dodge: Dodged            ||    20
